[Event "Early Titled Tuesday Blitz | February 8 2022"]
[White "Madaminov, Mukhiddin"]
[Black "Kanyamarala, Trisha"]
[WhiteFideId "14210703"]
[BlackFideId "45004722"]
[WhiteElo "1916"]
[BlackElo "2002"]
[Result "1-0"]
[Round "03"]
[TimeControl "180+1"]
[Date "2022.02.08"]
[WhiteClock "0:00:32"]
[BlackClock "0:00:01"]

1. d4 Nf6 2. Nc3 d5 3. Bf4 e6 4. Nb5 Na6 5. e3 c6 6. Nc3 Nc7 7. Nf3 Bd6 8. Bd3 O-O 9. e4 dxe4 10. Bxd6 Qxd6 11. Nxe4 Nxe4 12. Bxe4 Qb4+ 13. c3 Qxb2 14. O-O f5 15. Bd3 Qxc3 16. Re1 Nd5 17. Rc1 Qa5 18. Ne5 Rd8 19. Bf1 Nf6 20. Re3 Qd5 21. Rg3 c5 22. Bc4 Qd6 23. Qd2 Ne4 24. Qf4 Nxg3 25. hxg3 Qxd4 26. Qxf5 Rf8 27. Bxe6+ Bxe6 28. Qxe6+ Kh8 29. Nf7+ Rxf7 30. Qxf7 h6 31. Kh2 Qf6 32. Qxb7 Rf8 33. f4 Qf5 34. Qxa7 Qh5+ 35. Kg1 c4 36. Qd4 Re8 37. Qxc4 Qg4 38. Kf2 Qf5 39. Re1 Rf8 40. Kg1 Qg4 41. Kh2 Qh5+ 42. Kg1 Qg4 43. Re3 Qh5 44. a4 Qd1+ 45. Kf2 Qh5 46. Qb5 Qg4 47. Re8 Rxe8 48. Qxe8+ Kh7 49. Qe4+ Kh8 50. a5 Qc8 51. Qd5 Qa6 52. Kg1 Qa7+ 53. Kh2 Qe7 54. a6 Qa7 55. Qb7 Qe3 56. a7 1-0


[Site "https://www.chess.com"]

[Event "Early Titled Tuesday Blitz | February 8 2022"]
[White "Maevsky, Nikolay"]
[Black "Abdrlauf, Elham"]
[WhiteFideId "4198220"]
[BlackFideId "1533533"]
[WhiteElo "2104"]
[BlackElo "2334"]
[Result "1-0"]
[Round "03"]
[TimeControl "180+1"]
[Date "2022.02.08"]
[WhiteClock "0:00:08"]
[BlackClock "0:00:03"]

1. d4 Nf6 2. Nf3 d5 3. e3 c5 4. c3 Nc6 5. dxc5 e5 6. b4 Qc7 7. Bb2 Bg4 8. Be2 Rd8 9. Nbd2 Be7 10. h3 Bh5 11. O-O O-O 12. a3 Ne4 13. Re1 f5 14. Qc1 f4 15. exf4 Rxf4 16. Nxe4 Rxe4 17. c4 Rxe2 18. Rxe2 e4 19. cxd5 exf3 20. d6 Bxd6 21. cxd6 Qxd6 22. Qg5 Bg6 23. Ree1 fxg2 24. Rad1 Qxd1 25. Rxd1 Rxd1+ 26. Kxg2 a6 27. h4 Rd7 28. h5 Be4+ 29. f3 h6 30. Qe3 Bf5 31. Qe8+ Kh7 32. Qf8 Be6 33. Kg3 Rf7 34. Qd6 Bf5 35. a4 Bc2 36. b5 Ne7 37. Qe6 Nf5+ 38. Kh3 Kg8 39. bxa6 bxa6 40. Qc8+ Kh7 41. Qxc2 g6 42. hxg6+ Kxg6 43. f4 a5 44. Be5 Kh7 45. Qe4 Kg6 46. Bc3 Kh7 47. Bxa5 h5 48. Bc3 Kg8 49. a5 Nh6 50. Qg6+ Kf8 51. Qxh6+ Ke7 52. Qg5+ 1-0


[Site "https://www.chess.com"]

[Event "Early Titled Tuesday Blitz | February 8 2022"]
[White "Makarian, Rudik"]
[Black "Kosteniuk, Alexandra"]
[WhiteFideId "44105681"]
[BlackFideId "4128125"]
[WhiteElo "2486"]
[BlackElo "2469"]
[Result "1-0"]
[Round "03"]
[TimeControl "180+1"]
[Date "2022.02.08"]
[WhiteClock "0:00:06"]
[BlackClock "0:00:19"]

1. c4 Nf6 2. Nf3 e6 3. g3 d5 4. b3 b6 5. cxd5 Nxd5 6. Bg2 Be7 7. O-O O-O 8. Bb2 c5 9. d4 Bb7 10. a3 cxd4 11. Nxd4 Nc6 12. Nd2 Nxd4 13. Bxd4 Rc8 14. e3 f6 15. b4 Qe8 16. Qb3 Qf7 17. Rac1 h5 18. h4 Bd6 19. Ne4 Bb8 20. Bb2 Qd7 21. Rfd1 Rxc1 22. Rxc1 Rc8 23. Rd1 Qf7 24. Nd2 Qd7 25. Nf3 Qf7 26. Nd4 Be5 27. Nxe6 Qxe6 28. Bxe5 Qxe5 29. Bxd5+ Bxd5 30. Rxd5 Qb8 31. Rxh5+ Kf8 32. Qe6 1-0


[Site "https://www.chess.com"]

[Event "Early Titled Tuesday Blitz | February 8 2022"]
[White "Maltsevskaya, Aleksandra"]
[Black "Caruana, Fabiano"]
[WhiteFideId "24174041"]
[BlackFideId "2020009"]
[WhiteElo "2283"]
[BlackElo "2744"]
[Result "0-1"]
[Round "03"]
[TimeControl "180+1"]
[Date "2022.02.08"]
[WhiteClock "0:00:01"]
[BlackClock "0:01:07"]

1. e4 c6 2. Nc3 d5 3. Nf3 Bg4 4. h3 Bxf3 5. Qxf3 e6 6. g3 Nd7 7. Bg2 g6 8. O-O Bg7 9. Rd1 Qb6 10. d4 Bxd4 11. Na4 Qb4 12. c3 Bxf2+ 13. Qxf2 Qxa4 14. Bh6 Ne7 15. Rf1 f5 16. exd5 cxd5 17. Rae1 Qa6 18. Bg5 e5 19. g4 Rf8 20. Qh4 Qe6 21. gxf5 gxf5 22. Bxe7 Qxe7 23. Qh5+ Kd8 24. Bxd5 Qc5+ 25. Rf2 Qxd5 26. Rd1 Qf7 27. Qh6 Rg8+ 28. Kf1 Rg6 0-1


[Site "https://www.chess.com"]

[Event "Early Titled Tuesday Blitz | February 8 2022"]
[White "Manukian, Artak"]
[Black "Komiagina, Maria"]
[WhiteFideId "13301373"]
[BlackFideId "4153987"]
[WhiteElo "2416"]
[BlackElo "1945"]
[Result "1-0"]
[Round "03"]
[TimeControl "180+1"]
[Date "2022.02.08"]
[WhiteClock "0:01:31"]
[BlackClock "0:00:32"]

1. e4 c5 2. Nf3 e6 3. c3 d5 4. e5 Nc6 5. d4 a6 6. a3 Qb6 7. b4 cxd4 8. cxd4 Bd7 9. Nc3 Na7 10. Na4 Qc6 11. Nc5 Ne7 12. Bb2 Ng6 13. Rc1 Bxc5 14. Rxc5 Qa4 15. Qc1 O-O 16. h4 Rac8 17. h5 Ne7 18. h6 g6 19. g4 b6 20. Qf4 f5 21. exf6 bxc5 22. Ng5 cxb4 23. f7+ 1-0


[Site "https://www.chess.com"]

[Event "Early Titled Tuesday Blitz | February 8 2022"]
[White "Marcziter, Dmitrii"]
[Black "Demin, Vladimir"]
[WhiteFideId "13900765"]
[BlackFideId "4167457"]
[WhiteElo "2155"]
[BlackElo "2493"]
[Result "0-1"]
[Round "03"]
[TimeControl "180+1"]
[Date "2022.02.08"]
[WhiteClock "0:01:24"]
[BlackClock "0:01:08"]

1. d4 Nf6 2. c4 e5 3. dxe5 Ng4 4. e4 Nxe5 5. f4 Nec6 6. Be3 Na6 7. Nf3 Bc5 8. Qd2 O-O 9. Bd3 Re8 10. O-O d6 11. Nc3 Bxe3+ 12. Qxe3 Nc5 13. Bc2 Bf5 14. Rae1 a5 15. Qd2 Be6 16. b3 a4 17. Nd5 axb3 18. axb3 Ra2 19. Qc3 Nb8 20. b4 Ncd7 21. Bb3 Ra8 22. Ng5 Bxd5 23. exd5 Nf6 24. Rxe8+ Qxe8 25. Re1 Qf8 26. Bc2 h6 27. Ne4 Nbd7 28. Nxf6+ Nxf6 29. h3 Re8 30. Ba4 Rxe1+ 31. Qxe1 Qa8 32. Bc2 Qa2 33. Bd3 Qb2 34. g4 Qd4+ 35. Kg2 Qxd3 36. g5 hxg5 37. fxg5 Qe4+ 0-1


[Site "https://www.chess.com"]

[Event "Early Titled Tuesday Blitz | February 8 2022"]
[White "Martin Duque, Jesus"]
[Black "Manelyuk, Daniil"]
[WhiteFideId "2208954"]
[BlackFideId "44173920"]
[WhiteElo "2243"]
[BlackElo "2222"]
[Result "0-1"]
[Round "03"]
[TimeControl "180+1"]
[Date "2022.02.08"]
[WhiteClock "0:00:10"]
[BlackClock "0:00:02"]

1. Nf3 Nf6 2. d4 c5 3. dxc5 Qa5+ 4. Nbd2 Qxc5 5. a3 a5 6. g3 g6 7. Bg2 Bg7 8. O-O O-O 9. c4 Qc7 10. Rb1 a4 11. Nd4 d6 12. Nb5 Qb6 13. Qc2 Nbd7 14. Nc3 Nc5 15. e4 Be6 16. Nd5 Bxd5 17. cxd5 Nfd7 18. Nc4 Qb3 19. Qxb3 Nxb3 20. Bg5 f6 21. Be3 Rfc8 22. Nb6 Nxb6 23. Bxb6 Nd2 24. Bh3 Rc4 25. Rbc1 Rxe4 26. Rfd1 Rc4 27. Be6+ Kf8 28. Be3 Nf3+ 29. Kg2 Ne5 30. Bd4 Rxc1 31. Rxc1 f5 32. Rc7 Rb8 33. Ba7 Ra8 34. Rxb7 Nc4 35. Bd7 Nxb2 36. Bc6 Nc4 37. Bxa4 Nxa3 38. Bc6 Bf6 39. Rc7 Rd8 40. Bb6 Nc4 41. Ba7 Kg7 42. h4 h5 43. Rb7 Ne5 44. Bb6 Rc8 45. Rc7 Rxc7 46. Bxc7 Kf7 47. Bb5 Ng4 48. Bb6 Be5 49. Bc4 Nf6 50. f4 Bc3 51. Kf3 Bb4 52. Bd3 Bc5 53. Ba5 Ke8 54. Bc4 Kd7 55. Bc3 Kc8 56. Ba5 Kb7 57. Bd8 Ng8 58. Bb5 Kc8 59. Ba5 Nf6 60. Bc3 Nd7 61. Bg7 Nb6 62. Be8 Nxd5 63. Bxg6 Ne3 64. Bxh5 d5 65. Bg6 Kd7 66. h5 d4 67. h6 d3 68. Bc3 Bd4 69. Bd2 Nc4 70. Bc1 d2 71. Bxd2 Nxd2+ 72. Ke2 Nc4 73. h7 e6 74. Bf7 Ke7 75. Bg8 Bg7 76. Kf3 Nd6 77. g4 fxg4+ 78. Kxg4 Ne8 79. Kh5 Nf6+ 80. Kg6 Bh8 81. f5 e5 82. Bc4 e4 83. Be2 Kd6 84. Kf7 Ke5 85. Kg6 Kf4 86. Ba6 e3 87. Be2 Kg3 88. Ba6 Kf2 89. Kf7 e2 90. Kg6 e1=Q 91. Bc4 Qg1+ 92. Kf7 Qe1 93. Be6 Qe5 94. Ke7 Qc7+ 95. Kf8 Qg7# 0-1


[Site "https://www.chess.com"]

[Event "Early Titled Tuesday Blitz | February 8 2022"]
[White "Martinez Alcantara, Jose Eduardo"]
[Black "Kamsky, Gata"]
[WhiteFideId "3805662"]
[BlackFideId "2000024"]
[WhiteElo "2690"]
[BlackElo "2645"]
[Result "1-0"]
[Round "03"]
[TimeControl "180+1"]
[Date "2022.02.08"]
[WhiteClock "0:00:07"]
[BlackClock "0:00:09"]

1. e4 e5 2. Nf3 Nc6 3. Bb5 Nf6 4. d3 d6 5. c3 Bd7 6. O-O g6 7. h3 Bg7 8. Be3 O-O 9. Nbd2 Qe8 10. a4 Nh5 11. d4 b6 12. Re1 a6 13. Bc4 Kh8 14. dxe5 dxe5 15. Bd5 Rd8 16. Qe2 a5 17. b3 h6 18. Nc4 Nf4 19. Bxf4 exf4 20. e5 Be6 21. Bxe6 Qxe6 22. Qe4 g5 23. Rad1 Rfe8 24. Rxd8 Rxd8 25. h4 g4 26. Nd4 Nxd4 27. cxd4 f3 28. Ne3 fxg2 29. Nxg2 Qd5 30. Qxg4 Qxd4 31. Qf5 Rg8 32. Kf1 Qd5 33. Nf4 Qxb3 34. e6 Rf8 35. e7 Re8 36. Qd7 Qc4+ 37. Kg2 Rg8 38. e8=Q Bf8+ 39. Kf3 Bd6 40. Qxg8+ Kxg8 41. Qe8+ Kg7 42. Rg1+ Kf6 43. Nh5+ Kf5 44. Qd7+ Ke5 45. Re1+ Kd4 46. Re4+ 1-0


[Site "https://www.chess.com"]

[Event "Early Titled Tuesday Blitz | February 8 2022"]
[White "Martirosyan, Haik M."]
[Black "Odegov, Artem"]
[WhiteFideId "13306553"]
[BlackFideId "34183644"]
[WhiteElo "2735"]
[BlackElo "2277"]
[Result "1-0"]
[Round "03"]
[TimeControl "180+1"]
[Date "2022.02.08"]
[WhiteClock "0:01:47"]
[BlackClock "0:00:03"]

1. c4 Nf6 2. Nc3 g6 3. g3 Bg7 4. Bg2 O-O 5. Nf3 c5 6. O-O Nc6 7. d3 d5 8. cxd5 Nxd5 9. Bd2 Bg4 10. h3 Be6 11. Ng5 Nxc3 12. bxc3 Bd7 13. Be3 b6 14. d4 cxd4 15. cxd4 Rc8 16. Qd2 Na5 17. Bf4 Bb5 18. Rfd1 Ba4 19. h4 Nc4 20. Qe1 Bxd1 21. Rxd1 Qd7 22. Bh3 f5 23. e4 e6 24. exf5 exf5 25. d5 Rfe8 26. Qb4 a5 27. Qb3 Rc5 28. Bg2 Nd6 29. Qxb6 Ne4 30. Nxe4 Rb5 31. Nf6+ Bxf6 32. Qxf6 Rb4 33. Be5 Rxe5 34. Qxe5 1-0


[Site "https://www.chess.com"]

[Event "Early Titled Tuesday Blitz | February 8 2022"]
[White "Mayaud, Raphael"]
[Black "Wagner, Dennis"]
[WhiteFideId "627151"]
[BlackFideId "24650684"]
[WhiteElo "2191"]
[BlackElo "2355"]
[Result "0-1"]
[Round "03"]
[TimeControl "180+1"]
[Date "2022.02.08"]
[WhiteClock "0:00:05"]
[BlackClock "0:00:32"]

1. d4 Nf6 2. Bg5 g6 3. Bxf6 exf6 4. e3 f5 5. g3 h5 6. h4 Bg7 7. Bg2 d6 8. Ne2 Nd7 9. O-O Nb6 10. Nd2 a5 11. c4 a4 12. Qc2 c6 13. b4 O-O 14. Rab1 Re8 15. b5 c5 16. dxc5 dxc5 17. Rfd1 Qc7 18. Nf4 Be6 19. Nd5 Bxd5 20. cxd5 Red8 21. Nc4 Nxc4 22. Qxc4 Rd6 23. b6 Rxb6 24. Rxb6 Qxb6 25. d6 Rd8 26. d7 Qb4 27. Qxb4 cxb4 28. Bxb7 b3 29. axb3 a3 30. Rd2 Bb2 31. Rc2 a2 32. Rc8 a1=Q+ 33. Kg2 Bf6 0-1


[Site "https://www.chess.com"]

[Event "Early Titled Tuesday Blitz | February 8 2022"]
[White "Maze, Sebastien"]
[Black "Bychkov, Vladimir"]
[WhiteFideId "613762"]
[BlackFideId "24151513"]
[WhiteElo "2462"]
[BlackElo "2253"]
[Result "1-0"]
[Round "03"]
[TimeControl "180+1"]
[Date "2022.02.08"]
[WhiteClock "0:01:46"]
[BlackClock "0:00:20"]

1. e4 c6 2. Nf3 d5 3. Nc3 dxe4 4. Nxe4 Nf6 5. Qe2 Nxe4 6. Qxe4 Qd5 7. Qe3 Qe6 8. b3 Qxe3+ 9. fxe3 a5 10. a4 Na6 11. Bb2 Nb4 12. O-O-O Bf5 13. d3 O-O-O 14. Be2 f6 15. Rhf1 Bd7 16. Nh4 e5 17. Nf5 Kc7 18. g4 Be6 19. h4 g6 20. Ng3 Bg7 21. Ne4 Rhf8 22. Nxf6 Kd6 23. Ne4+ Ke7 24. g5 Nd5 25. Kd2 b6 26. Rxf8 Rxf8 27. Rf1 Rxf1 28. Bxf1 c5 29. Bg2 h6 30. Ke2 hxg5 31. Nxg5 Bg8 32. c4 Nc7 33. Be4 Bf7 34. Nxf7 Kxf7 35. Kf3 Kf6 36. Bd5 Ke7 37. Ke4 Kd6 38. Bf7 Bf6 39. Bxg6 Bxh4 40. Bxe5+ Kc6 41. Bf7 Bf2 42. d4 cxd4 43. exd4 Kd7 44. d5 Bc5 45. Bh5 Bd6 46. Bg4+ Ke7 47. Bd4 Bc5 48. Bc3 Bb4 49. Bxb4+ axb4 50. Ke5 Na6 51. d6+ Kd8 52. Kd5 Nc5 53. Kc6 Nxb3 54. Kxb6 Nd2 55. c5 Nc4+ 56. Kb5 Ne5 57. Bf5 b3 58. c6 1-0


[Site "https://www.chess.com"]

[Event "Early Titled Tuesday Blitz | February 8 2022"]
[White "Mekhitarian, Krikor Sevag"]
[Black "Khachiyan, Melikset"]
[WhiteFideId "2107660"]
[BlackFideId "13300512"]
[WhiteElo "2598"]
[BlackElo "2484"]
[Result "0-1"]
[Round "03"]
[TimeControl "180+1"]
[Date "2022.02.08"]
[WhiteClock "0:00:08"]
[BlackClock "0:00:12"]

1. e4 e5 2. Bc4 Nf6 3. d3 Nc6 4. Nc3 Bb4 5. Nf3 d5 6. exd5 Nxd5 7. Bd2 Bxc3 8. bxc3 O-O 9. O-O Re8 10. Re1 f6 11. Bb3 Kh8 12. Nh4 Be6 13. Qh5 Qd7 14. h3 Bf7 15. Qg4 Qxg4 16. hxg4 Rad8 17. g5 Kg8 18. gxf6 Nxf6 19. f3 e4 20. fxe4 Nxe4 21. Bf4 Nxc3 22. Bxc7 Rc8 23. Bd6 Nd4 24. Bb4 Nce2+ 25. Kf2 Nxc2 26. Bxc2 Rxc2 27. Kf3 Bd5+ 28. Kg4 Re3 29. Nf5 Be6 30. Kg5 Re5 31. g4 Kf7 32. Kh4 Bxf5 33. gxf5 Rxf5 34. Rf1 Rxf1 35. Rxf1+ Ke6 36. a3 b6 37. Bf8 g6 38. Bg7 a5 39. Rf6+ Kd7 40. Rxb6 Nd4 41. Bxd4 Rd2 42. Rb3 Kc6 43. Rc3+ Kd5 44. Be3 Re2 45. Bg1 h6 46. Bc5 g5+ 47. Kg3 h5 48. d4 Ke4 49. Rc1 Re3+ 50. Kf2 g4 51. Re1 g3+ 52. Kf1 Rxe1+ 53. Kxe1 Kf3 54. Kf1 h4 55. Kg1 h3 56. Bd6 h2+ 57. Kh1 g2+ 58. Kxh2 Kf2 59. Kh3 g1=Q 60. Kh4 Qh1+ 61. Kg5 Qd5+ 62. Be5 Ke3 63. Kf5 Kd3 64. a4 Kc4 65. Kf6 Kb3 66. Ke7 Kxa4 67. Bd6 Kb3 68. Bc5 a4 69. Kf6 a3 70. Ke7 a2 71. Bd6 a1=Q 72. Be5 Qaxd4 73. Kf6 Q4xe5+ 74. Kg6 Qee6+ 75. Kg7 Qdd7+ 0-1


[Site "https://www.chess.com"]

[Event "Early Titled Tuesday Blitz | February 8 2022"]
[White "Moroni, Luca Jr"]
[Black "Omariev, Maksim"]
[WhiteFideId "865834"]
[BlackFideId "4193423"]
[WhiteElo "2573"]
[BlackElo "2512"]
[Result "0-1"]
[Round "03"]
[TimeControl "180+1"]
[Date "2022.02.08"]
[WhiteClock "0:00:02"]
[BlackClock "0:00:02"]

1. d4 d5 2. c4 c6 3. Nc3 Nf6 4. cxd5 cxd5 5. Bf4 Nc6 6. e3 a6 7. Bd3 Bg4 8. Qb3 Na5 9. Qa4+ b5 10. Qc2 Rc8 11. a3 e6 12. Nf3 Be7 13. Ne5 Bh5 14. O-O Nd7 15. Rac1 Nc4 16. a4 Ncxe5 17. Bxe5 Nxe5 18. dxe5 b4 19. Bxa6 Rc5 20. Bb5+ Kf8 21. Qb3 bxc3 22. Rxc3 Rxc3 23. Qxc3 g5 24. Rc1 Kg7 25. h3 Qf8 26. Qc6 Bb4 27. Kh2 Qb8 28. f4 Bd2 29. Rf1 Bxe3 30. fxg5 Qxe5+ 31. Kh1 Qxb2 32. Qc7 Bxg5 33. Qg3 h6 34. h4 Be2 35. Rf2 Qb1+ 36. Kh2 Bxb5 37. axb5 Qxb5 38. Qe5+ f6 39. Qc7+ Kg6 40. h5+ Kxh5 41. Qf7+ Kg4 42. Qxe6+ Kh5 43. Qf7+ Kg4 44. Rf3 Qb8+ 45. g3 Qe5 0-1


[Site "https://www.chess.com"]

[Event "Early Titled Tuesday Blitz | February 8 2022"]
[White "Mosutha, Thuso"]
[Black "Alghamdi, Ahmed M"]
[WhiteFideId "11302550"]
[BlackFideId "21500150"]
[WhiteElo "2028"]
[BlackElo "2110"]
[Result "1-0"]
[Round "03"]
[TimeControl "180+1"]
[Date "2022.02.08"]
[WhiteClock "0:00:02"]
[BlackClock "0:00:02"]

1. d4 Nf6 2. c4 g6 3. Nf3 Bg7 4. g3 O-O 5. Bg2 d6 6. O-O Nc6 7. d5 Na5 8. Qa4 c5 9. Bd2 b6 10. Bxa5 bxa5 11. Nc3 Nd7 12. Qc2 Rb8 13. b3 a4 14. Rab1 axb3 15. axb3 a6 16. Rfc1 Nf6 17. e4 Bd7 18. Nd2 Qc8 19. Ra1 e6 20. Ra5 exd5 21. exd5 Bh6 22. Rca1 Bf5 23. Nde4 Nxe4 24. Bxe4 Bg7 25. Rc1 Bd7 26. Qa2 h5 27. Ne2 Qe8 28. Bd3 Bc8 29. Qc2 Qe7 30. Ra2 h4 31. Qd2 hxg3 32. hxg3 Qe5 33. Re1 Rxb3 34. Nc1 Qc3 35. Nxb3 Qxb3 36. Rc2 a5 37. Rcc1 Qb4 38. Qc2 a4 39. Rb1 Qa5 40. Re2 Bd7 41. Re7 Rd8 42. Bxg6 Be8 43. Bf5 Kf8 44. Rbe1 a3 45. R7e3 a2 46. Qe2 a1=Q 47. Rxa1 Qxa1+ 48. Kg2 Be5 49. Qh5 Qb2 50. Qh6+ Bg7 51. Qg5 Qf6 52. Qg4 Bh6 53. Rf3 Qg5 54. Qe4 Qe7 55. Qg4 Qg5 56. Qe4 Rd7 57. Bxd7 Bxd7 58. Qd3 Bg4 59. Rf4 Qg6 60. Re4 1-0


[Site "https://www.chess.com"]

[Event "Early Titled Tuesday Blitz | February 8 2022"]
[White "Muradov, Soltan"]
[Black "Silich, Yahor"]
[WhiteFideId "14002108"]
[BlackFideId "13513656"]
[WhiteElo "1854"]
[BlackElo "2101"]
[Result "0-1"]
[Round "03"]
[TimeControl "180+1"]
[Date "2022.02.08"]
[WhiteClock "0:00:17"]
[BlackClock "0:00:37"]

1. c4 Nf6 2. Nc3 g6 3. g3 Bg7 4. Bg2 O-O 5. e3 d6 6. Nge2 e5 7. O-O Re8 8. b3 c6 9. Bb2 d5 10. cxd5 cxd5 11. d4 e4 12. Rc1 Nc6 13. Na4 h5 14. h4 Ne7 15. Nf4 Bg4 16. Qd2 Bf3 17. Qb4 Qd7 18. Bh3 Bg4 19. Bg2 b6 20. Ba3 Nf5 21. Qd2 Bf3 22. Bh3 Rad8 23. Rc2 Bh6 24. Ne2 Bg4 25. Bg2 Bf3 26. Bh3 Ng4 27. Rfc1 Rc8 28. Rxc8 Rxc8 29. Rxc8+ Qxc8 30. Qc1 Qd7 31. Nf4 Bxf4 32. exf4 Nxd4 33. Qd2 Ne2+ 34. Kf1 Nh2+ 35. Ke1 Qxh3 0-1


[Site "https://www.chess.com"]

[Event "Early Titled Tuesday Blitz | February 8 2022"]
[White "Murthy, Pappu"]
[Black "Rudzinska, Michalina"]
[WhiteFideId "2013401"]
[BlackFideId "1172883"]
[WhiteElo "1959"]
[BlackElo "1904"]
[Result "0-1"]
[Round "03"]
[TimeControl "180+1"]
[Date "2022.02.08"]
[WhiteClock "0:00:02"]
[BlackClock "0:00:15"]

1. c4 Nf6 2. Nc3 e6 3. d4 d5 4. cxd5 exd5 5. Bg5 c6 6. e3 Be7 7. Bd3 O-O 8. Nge2 Nh5 9. Bxe7 Qxe7 10. O-O Bg4 11. Qc2 g6 12. Rae1 Nd7 13. h3 Be6 14. Nf4 Ng7 15. Nxe6 fxe6 16. e4 Qf6 17. e5 Qe7 18. f4 c5 19. Ne2 Rac8 20. b3 cxd4 21. Qd2 Nf5 22. Bxf5 gxf5 23. Nxd4 Nc5 24. Qb4 Qg7 25. Rf3 Rce8 26. Qxc5 Rc8 27. Qd6 Rfe8 28. Nxe6 Qg6 29. Ng5 Qxd6 30. exd6 Rxe1+ 31. Kf2 Rec1 32. Ne6 Kf7 33. d7 Kxe6 34. dxc8=Q+ Rxc8 35. Rd3 Rc2+ 36. Kf3 Rxa2 37. g4 Ra5 38. g5 Rb5 39. h4 Rb4 40. h5 Re4 41. h6 d4 0-1


[Site "https://www.chess.com"]

[Event "Early Titled Tuesday Blitz | February 8 2022"]
[White "Murzin, Volodar"]
[Black "Navara, David"]
[WhiteFideId "44155573"]
[BlackFideId "309095"]
[WhiteElo "2585"]
[BlackElo "2686"]
[Result "0-1"]
[Round "03"]
[TimeControl "180+1"]
[Date "2022.02.08"]
[WhiteClock "0:00:02"]
[BlackClock "0:00:13"]

1. e4 c5 2. Nf3 d6 3. d4 cxd4 4. Nxd4 Nf6 5. Nc3 a6 6. Be3 e5 7. Nb3 Be6 8. Qd2 Be7 9. O-O-O b5 10. f4 Nbd7 11. Bd3 Qc7 12. f5 Bc4 13. Kb1 b4 14. Na4 d5 15. exd5 Bxd5 16. c4 Bc6 17. Nac5 a5 18. Nxd7 Nxd7 19. Qc2 a4 20. Nd2 b3 21. Qc3 bxa2+ 22. Ka1 Nc5 23. Bxc5 Bxc5 24. Be4 Bd4 25. Qf3 Bxe4 26. Nxe4 O-O 27. Qg3 a3 28. Rd2 axb2+ 0-1


[Site "https://www.chess.com"]

[Event "Early Titled Tuesday Blitz | February 8 2022"]
[White "Namitbir Singh Walia"]
[Black "Gabdrakhmanov, Azat"]
[WhiteFideId "35071068"]
[BlackFideId "34189197"]
[WhiteElo "1479"]
[BlackElo "2279"]
[Result "0-1"]
[Round "03"]
[TimeControl "180+1"]
[Date "2022.02.08"]
[WhiteClock "0:00:05"]
[BlackClock "0:00:19"]

1. d4 Nf6 2. c4 g6 3. g3 Bg7 4. Bg2 O-O 5. Nf3 d6 6. O-O c5 7. d5 Na6 8. Nc3 Nc7 9. e4 a6 10. a4 Rb8 11. a5 b5 12. axb6 Rxb6 13. h3 Rb4 14. Qd3 e6 15. Re1 exd5 16. cxd5 Re8 17. Nd2 Rd4 18. Qc2 Nfxd5 19. Nf3 Nb4 20. Qb3 Rd3 21. Bg5 Bf6 22. Be3 Be6 23. Qa4 Bd7 24. Qb3 Nb5 25. Rec1 a5 26. Bf1 Nd4 27. Nxd4 cxd4 28. Bxd3 dxc3 29. Rxc3 Bxc3 30. Qxc3 Nxd3 31. Qxd3 Bxh3 32. Bf4 Qc8 33. Qxd6 Qg4 34. e5 Qf3 0-1


[Site "https://www.chess.com"]

[Event "Early Titled Tuesday Blitz | February 8 2022"]
[White "Navalgund, Niranjan"]
[Black "Bommini, Mounika Akshaya"]
[WhiteFideId "5030854"]
[BlackFideId "25019872"]
[WhiteElo "2290"]
[BlackElo "1671"]
[Result "1-0"]
[Round "03"]
[TimeControl "180+1"]
[Date "2022.02.08"]
[WhiteClock "0:00:18"]
[BlackClock "0:00:02"]

1. e4 e5 2. Nf3 Nc6 3. Nc3 g6 4. h4 h6 5. d4 exd4 6. Nd5 Bg7 7. Bf4 d6 8. Bb5 Ne7 9. Nxd4 Bd7 10. Bxc6 bxc6 11. Nxe7 Qxe7 12. Qd3 O-O 13. O-O-O c5 14. Ne2 Rab8 15. c3 a5 16. Qe3 Kh7 17. Rd2 Be6 18. a3 Rb3 19. Kd1 Rfb8 20. e5 Rxb2 21. exd6 Rxd2+ 22. Kxd2 cxd6 23. Rc1 Qb7 24. f3 Qb2+ 25. Rc2 Qxa3 26. Ke1 Rb1+ 27. Kf2 d5 28. Be5 Bf5 29. Bxg7 Kxg7 30. Qe5+ Kh7 31. Qf6 Be6 32. Nf4 Qb3 33. Re2 d4 34. Rxe6 Qc2+ 35. Kg3 fxe6 36. Qf7+ Kh8 37. Qf8+ Kh7 38. Qf7+ Kh8 39. Nxg6+ 1-0


[Site "https://www.chess.com"]

[Event "Early Titled Tuesday Blitz | February 8 2022"]
[White "Necula, Iulian"]
[Black "Osmak, Yuliia"]
[WhiteFideId "1232380"]
[BlackFideId "14101602"]
[WhiteElo "1776"]
[BlackElo "2302"]
[Result "0-1"]
[Round "03"]
[TimeControl "180+1"]
[Date "2022.02.08"]
[WhiteClock "0:00:18"]
[BlackClock "0:00:27"]

1. b4 c6 2. Bb2 a5 3. a3 axb4 4. axb4 Rxa1 5. Bxa1 Qb6 6. c3 e5 7. g3 d5 8. Bg2 Bd6 9. e3 Nf6 10. Ne2 O-O 11. O-O Bf5 12. d3 Qa6 13. e4 dxe4 14. dxe4 Nxe4 15. Nd2 Nxd2 16. Qxd2 Bc7 17. Bb2 Rd8 18. Qg5 Qxe2 19. Qxf5 Qxb2 20. Be4 g6 21. Qf6 Nd7 22. Qe7 Qe2 23. Bg2 Qg4 24. h3 Qe6 25. Qg5 f6 26. Qh6 Nf8 27. g4 e4 28. Qe3 f5 29. gxf5 gxf5 30. Qg5+ Ng6 31. h4 Qe5 32. f4 exf3 33. Rxf3 Rd1+ 34. Kf2 Qe1# 0-1


[Site "https://www.chess.com"]

[Event "Early Titled Tuesday Blitz | February 8 2022"]
[White "Nepomniachtchi, Ian"]
[Black "Costachi, Mihnea"]
[WhiteFideId "4168119"]
[BlackFideId "1217518"]
[WhiteElo "2740"]
[BlackElo "2464"]
[Result "1-0"]
[Round "03"]
[TimeControl "180+1"]
[Date "2022.02.08"]
[WhiteClock "0:01:18"]
[BlackClock "0:00:02"]

1. e4 e5 2. f4 Bc5 3. Nf3 d6 4. c3 Nf6 5. d4 exd4 6. cxd4 Bb6 7. Nc3 O-O 8. e5 dxe5 9. fxe5 Nd5 10. Bc4 Be6 11. Qb3 c6 12. O-O h6 13. Kh1 Na6 14. Ne4 Nac7 15. a3 Qe7 16. Qc2 f5 17. Nd6 Ne8 18. Bxd5 Bxd5 19. Nxf5 Qe6 20. N3h4 Bxd4 21. Bxh6 Bxe5 22. Rae1 gxh6 23. Rxe5 Qxe5 24. Nxh6+ Kh8 25. Rxf8+ Kg7 26. Rf1 Qg5 27. N6f5+ Kg8 28. Nf3 Qf6 29. Re1 Ng7 30. Ne7+ Kh8 31. Ne5 1-0


[Site "https://www.chess.com"]

[Event "Early Titled Tuesday Blitz | February 8 2022"]
[White "Nesterov, Arseniy"]
[Black "Bernadskiy, Vitaliy"]
[WhiteFideId "24198455"]
[BlackFideId "14100371"]
[WhiteElo "2489"]
[BlackElo "2473"]
[Result "1-0"]
[Round "03"]
[TimeControl "180+1"]
[Date "2022.02.08"]
[WhiteClock "0:00:04"]
[BlackClock "0:00:01"]

1. d4 e6 2. c4 c5 3. d5 exd5 4. cxd5 d6 5. Nc3 g6 6. e4 Bg7 7. Bd3 a6 8. a4 Nf6 9. h3 Nbd7 10. Nf3 Qe7 11. O-O O-O 12. Bf4 Ne8 13. Qd2 b6 14. Bh6 Rb8 15. Rfe1 f6 16. Bxg7 Kxg7 17. Qe2 Ra8 18. Nd2 Ne5 19. f4 Nxd3 20. Qxd3 Rb8 21. e5 fxe5 22. fxe5 dxe5 23. Nc4 Qh4 24. Ne4 Bf5 25. Qe3 Rd8 26. Nxb6 a5 27. Nxc5 Qb4 28. Ne6+ Bxe6 29. dxe6 Rf6 30. e7 Qxe7 31. Nc4 Rd5 32. Qc3 Qc5+ 33. Kh1 Rc6 34. b3 Nf6 35. Rad1 Rxd1 36. Rxd1 Ne4 37. Rd7+ Kg8 38. Qe1 Nf2+ 39. Kh2 Rf6 40. Qxe5 Qxe5+ 41. Nxe5 Ne4 42. Nc4 Nc5 43. Ra7 Nxb3 44. Nxa5 Nc5 45. Nc4 Rf4 46. Ne5 Rxa4 47. Rc7 Ne6 48. Re7 Nf8 49. Ng4 h5 50. Nf6+ Kh8 51. Rf7 Ra8 52. Kg3 Rb8 53. Kh4 1-0


[Site "https://www.chess.com"]